 Dungeon Crawl Stone Soup version 0.21.1-1-g345015f (webtiles) character file.

438 tidbits the Charmwright (level 7, -1/56 HPs)
             Began as a Gnoll Skald on June 20, 2018.
             Succumbed to a worker ant's poison
             ... on level 4 of the Dungeon.
             The game lasted 00:07:05 (715 turns).

tidbits the Charmwright (Gnoll Skald)                Turns: 715, Time: 00:07:06

Health: -1/56      AC:  6    Str: 14    XL:     7   Next: 1%
Magic:  5/15       EV: 14    Int: 17    God:
Gold:   108        SH:  0    Dex: 14    Spells: 5/16 levels left

rFire    . . .     SeeInvis .   a - +0 hand axe
rCold    . . .     Gourm    .   (no shield)
rNeg     . . .     Faith    .   b - +0 leather armour
rPois    .         Spirit   .   E - +0 helmet
rElec    .         Reflect  .   C - +1 cloak
rCorr    .         Harm     .   (no gloves)
MR       .....     Rnd*Tele +   (no boots)
Stlth    ++........             (no amulet)
HPRegen  0.18/turn              k - ring of teleportation (curse)
MPRegen  0.14/turn              (no ring)

@: lethally poisoned (-1 -> -10), singing
A: distributed training, fangs 1, strong nose
a: no special abilities


You were on level 4 of the Dungeon.
You were hungry.

You visited 1 branch of the dungeon, and saw 4 of its levels.

You collected 108 gold pieces.

Inventory:

Hand Weapons
 a - a +0 hand axe (weapon)
 i - a +0 trident
 j - a +2 dagger of flaming
   (You took it off a goblin on level 3 of the Dungeon)
Armour
 b - a +0 leather armour (worn)
 C - a +1 cloak (worn)
 E - a +0 helmet (worn)
Jewellery
 g - an uncursed ring of fire
   (You found it on level 2 of the Dungeon)
 k - a cursed ring of teleportation (left hand)
   (You found it on level 3 of the Dungeon)
Scrolls
 l - a scroll of enchant weapon
 m - a scroll of fear
 n - a scroll of amnesia
Books
 c - a book of Battle

   Spells                             Type                      Level
   a - Infusion                       Charms                       1
   b - Shroud of Golubria             Charms/Translocation         2
   c - Song of Slaying                Charms                       2
   d - Spectral Weapon                Hexes/Charms                 3
   e - Regeneration                   Charms/Necromancy            3
Comestibles
 d - 7 rations


   Skills:
 + Level 5.1 Fighting
 + Level 2.1 Short Blades
 + Level 2.1 Long Blades
 + Level 5.1 Axes
 + Level 2.1 Maces & Flails
 + Level 2.1 Polearms
 + Level 2.1 Staves
 + Level 2.1 Slings
 + Level 2.1 Bows
 + Level 2.1 Crossbows
 + Level 2.1 Throwing
 + Level 3.4 Armour
 + Level 5.1 Dodging
 + Level 2.1 Stealth
 + Level 2.1 Shields
 + Level 2.1 Unarmed Combat
 + Level 5.4 Spellcasting
 + Level 1.7 Conjurations
 + Level 1.7 Hexes
 + Level 5.7 Charms
 + Level 1.7 Summonings
 + Level 1.7 Necromancy
 + Level 1.7 Translocations
 + Level 1.7 Transmutations
 + Level 1.7 Fire Magic
 + Level 1.7 Ice Magic
 + Level 1.7 Air Magic
 + Level 1.7 Earth Magic
 + Level 1.7 Poison Magic
 + Level 2.4 Invocations
 + Level 2.1 Evocations


You had 5 spell levels left.
You knew the following spells:

 Your Spells              Type           Power        Failure   Level  Hunger
g - Shroud of Golubria    Chrm/Tloc      ###.......   5%          2    #......
i - Infusion              Chrm           ###.         1%          1    None
r - Regeneration          Chrm/Necr      ###.......   11%         3    ##.....
w - Spectral Weapon       Hex/Chrm       ###.....     11%         3    ##.....
y - Song of Slaying       Chrm           ###.....     2%          2    #......


Dungeon Overview and Level Annotations

Branches:
Dungeon (4/15)
 Temple: D:4-7

Altars:
Ashenzari
Okawaru
Sif Muna


Innate Abilities, Weirdness & Mutations

Your experience applies equally to all skills.
You have very sharp teeth.
Your uncanny sense of smell can sniff out nearby items.


Message History

Your Axes skill increases to level 5!
Your Maces & Flails skill increases to level 2!
Your Polearms skill increases to level 2!
Your Staves skill increases to level 2!
Your Slings skill increases to level 2!
Your Bows skill increases to level 2!
Your Crossbows skill increases to level 2!
Your Throwing skill increases to level 2!
Your Dodging skill increases to level 5!
Your Stealth skill increases to level 2!
Your Shields skill increases to level 2!
Your Unarmed Combat skill increases to level 2!
Your Evocations skill increases to level 2!
You feel sick.
Unknown command.
Casting: Song of Slaying
Confirm with . or Enter, or press ? or * to list all spells.
Your skin crawls.
You feel sick.
You feel sick.
You see here a scorpion corpse.
You feel sick.
Your skin is crawling a little less now.
As you read the scroll labeled URHYFAAMUSE, it crumbles to dust.
It is a scroll of identify.
n - a scroll of amnesia You feel sick.
As you read the scroll of identify, it crumbles to dust.
m - a scroll of fear
As you read the scroll of identify, it crumbles to dust.
l - a scroll of enchant weapon You feel sick.
As you read the scroll labeled BADY PAERUMI, it crumbles to dust.
It is a scroll of enchant armour.
Your +0 cloak glows green for a moment.
As you read the scroll labeled XICOUT VOUBAO, it crumbles to dust.
You feel aware of your surroundings.
It was a scroll of magic mapping.
Unknown command.
You swap places.
Your skin stops crawling.
Your song is almost over.
You feel sick.
You feel sick.
Your song has ended.
You feel sick.
You feel sick.
You are suddenly yanked towards some nearby monsters!
Your surroundings suddenly seem different.
You feel sick.
You are no longer poisoned.
Found a ring mail.
Found a stone staircase leading down.
A worker ant, an ogre and a skeleton come into view.
Casting: Regeneration
Confirm with . or Enter, or press ? or * to list all spells.
You start singing a song of slaying.
The worker ant twitches its antennae in your direction.
The worker ant bites you.
You are poisoned.
The worker ant poisons you!
Casting: Song of Slaying
Confirm with . or Enter, or press ? or * to list all spells.
You feel your bond with your spectral weapon wane.
You draw out your weapon's spirit!
You feel sick. The worker ant bites you!
You hit the quokka skeleton.
The quokka skeleton is severely damaged.
You closely miss the worker ant.
Your spectral weapon hits the quokka skeleton!
You destroy the quokka skeleton!
The worker ant completely misses you. The worker ant barely misses you.
Unknown command.
You slash the ogre!
The ogre is moderately wounded.
You hit the worker ant.
You feel sick.
Your spectral weapon hits the ogre.
The ogre hits you with a giant club!
* * * LOW HITPOINT WARNING * * *
The worker ant barely misses you.
Unknown command.
You hit the ogre.
The ogre is heavily wounded.
You hit the worker ant.
Your spectral weapon hits the ogre.
The ogre hits you with a giant club!!
* * * LOW HITPOINT WARNING * * *
The worker ant bites you.
* * * LOW HITPOINT WARNING * * *
You are more poisoned.
The worker ant poisons you!
You aren't carrying any potions.
You barely miss the ogre. Your bite misses the ogre.
The ogre is heavily wounded.
You hit the worker ant.
* * * LOW HITPOINT WARNING * * *
You feel sick.
Your spectral weapon hits the ogre!
The worker ant bites you but does no damage.
The ogre barely misses you.
You hit the ogre.
You kill the ogre!
You have reached level 7!
You hit the worker ant.
You are suddenly yanked towards a nearby monster!
Your surroundings suddenly seem different.
You die...

*,,.......*
**********,,** **
*,,......#*
##..........** *
*,,......* #..........#*
* ,,,>...##*
##..........#
,,*##..,,###...........#
,,**..,,,>.............#
,**,,,,,,,*#.l........?#
,*,,,,,,,***#..........#
,,,,,,,,,** #...@......#
,,,,,,*,≈≈**##.........#
,,,,,≈≈,≈≈≈**#.........#
,,,,≈≈≈,≈≈≈≈*##........#
,,**≈≈≈,≈≈≈** ##/......#
,**≈≈≈≈,≈≈≈≈* #.##.####
****≈≈≈,≈≈≈≈* ###*#.** *
*≈≈≈,≈≈≈≈* *..*
*≈≈≈,≈*≈** **,**


You could see a frilled lizard (wandering).

Vanquished Creatures
  The ghost of sking99 the Ogre Mage, an amateur OgTm (D:3)
  An ogre (D:4)
  A scorpion (D:4)
  A jelly (D:3)
  A centaur skeleton (D:4)
  2 gnolls
  2 adders
  A worm (D:3)
  2 dart slugs
  2 leopard geckos
  4 bats
  4 giant cockroaches
  3 goblins
  3 hobgoblins
  6 jackals
  A quokka (D:3)
  2 frilled lizards
  7 kobolds (D:3)
  A quokka skeleton (D:4)
  4 rats
49 creatures vanquished.

Notes
Turn   | Place    | Note
-------+----------+-------------------------------------------
     0 | D:1      | tidbits the Gnoll Skald began the quest for the Orb.
     0 | D:1      | Reached XP level 1. HP: 20/20 MP: 6/6
    80 | D:1      | Reached XP level 2. HP: 6/26 MP: 0/7
    84 | D:1      | Learned a level 2 spell: Song of Slaying
    87 | D:1      | Learned a level 2 spell: Shroud of Golubria
   178 | D:2      | Reached XP level 3. HP: 11/31 MP: 2/9
   183 | D:2      | Learned a level 3 spell: Regeneration
   187 | D:2      | Learned a level 3 spell: Spectral Weapon
   196 | D:2      | Found a shattered altar of Ashenzari.
   206 | D:2      | Reached skill level 5 in Spellcasting
   386 | D:3      | Found a deep blue altar of Sif Muna.
   411 | D:3      | Found an iron altar of Okawaru.
   417 | D:3      | Reached skill level 1 in Short Blades
   417 | D:3      | Reached skill level 1 in Long Blades
   417 | D:3      | Reached skill level 1 in Maces & Flails
   417 | D:3      | Reached skill level 1 in Polearms
   417 | D:3      | Reached skill level 1 in Staves
   417 | D:3      | Reached skill level 1 in Slings
   417 | D:3      | Reached skill level 1 in Bows
   417 | D:3      | Reached skill level 1 in Crossbows
   417 | D:3      | Reached skill level 1 in Throwing
   417 | D:3      | Reached skill level 1 in Stealth
   417 | D:3      | Reached skill level 1 in Shields
   417 | D:3      | Reached skill level 1 in Unarmed Combat
   417 | D:3      | Reached skill level 1 in Invocations
   417 | D:3      | Reached skill level 1 in Evocations
   417 | D:3      | Reached XP level 4. HP: 28/38 MP: 4/11
   452 | D:4      | Reached skill level 1 in Conjurations
   452 | D:4      | Reached skill level 1 in Hexes
   452 | D:4      | Reached skill level 1 in Summonings
   452 | D:4      | Reached skill level 1 in Necromancy
   452 | D:4      | Reached skill level 1 in Translocations
   452 | D:4      | Reached skill level 1 in Transmutations
   452 | D:4      | Reached skill level 1 in Fire Magic
   452 | D:4      | Reached skill level 1 in Ice Magic
   452 | D:4      | Reached skill level 1 in Air Magic
   452 | D:4      | Reached skill level 1 in Earth Magic
   452 | D:4      | Reached skill level 1 in Poison Magic
   495 | D:3      | Noticed sking99's ghost (amateur OgTm)
   514 | D:3      | Reached XP level 5. HP: 21/43 MP: 5/12
   516 | D:3      | Killed sking99's ghost
   516 | D:3      | Reached skill level 3 in Armour
   516 | D:3      | Reached skill level 2 in Invocations
   516 | D:3      | Reached XP level 6. HP: 21/50 MP: 5/13
   682 | D:4      | Reached skill level 5 in Fighting
   682 | D:4      | Reached skill level 2 in Short Blades
   682 | D:4      | Reached skill level 2 in Long Blades
   682 | D:4      | Reached skill level 5 in Axes
   682 | D:4      | Reached skill level 2 in Maces & Flails
   682 | D:4      | Reached skill level 2 in Polearms
   682 | D:4      | Reached skill level 2 in Staves
   682 | D:4      | Reached skill level 2 in Slings
   682 | D:4      | Reached skill level 2 in Bows
   682 | D:4      | Reached skill level 2 in Crossbows
   682 | D:4      | Reached skill level 2 in Throwing
   682 | D:4      | Reached skill level 5 in Dodging
   682 | D:4      | Reached skill level 2 in Stealth
   682 | D:4      | Reached skill level 2 in Shields
   682 | D:4      | Reached skill level 2 in Unarmed Combat
   682 | D:4      | Reached skill level 2 in Evocations
   713 | D:4      | HP: 2/51 [worker ant (4)]
   715 | D:4      | Reached XP level 7. HP: 1/56 MP: 4/15
   715 | D:4      | Succumbed to a worker ant's poison

Skill      XL: |  1  2  3  4  5  6 |
---------------+-------------------+-----
Spellcasting   | 5 |  5.4
Short Blades   | 1 2 |  2.1
Long Blades    | 1 2 |  2.1
Maces & Flails | 1 2 |  2.1
Polearms       | 1 2 |  2.1
Staves         | 1 2 |  2.1
Slings         | 1 2 |  2.1
Bows           | 1 2 |  2.1
Crossbows      | 1 2 |  2.1
Throwing       | 1 2 |  2.1
Stealth        | 1 2 |  2.1
Shields        | 1 2 |  2.1
Unarmed Combat | 1 2 |  2.1
Invocations    | 1 2 |  2.4
Evocations     | 1 2 |  2.1
Conjurations   | 1 |  1.7
Hexes          | 1 |  1.7
Summonings     | 1 |  1.7
Necromancy     | 1 |  1.7
Translocations | 1 |  1.7
Transmutations | 1 |  1.7
Fire Magic     | 1 |  1.7
Ice Magic      | 1 |  1.7
Air Magic      | 1 |  1.7
Earth Magic    | 1 |  1.7
Poison Magic   | 1 |  1.7
Armour         | 3 |  3.4
Fighting       | 5 |  5.1
Axes           | 5 |  5.1
Dodging        | 5 |  5.1
Charms         | |  5.7

Action                   |  1- 3 |  4- 6 |  7- 9 || total
-------------------------+-------+-------+-------++-------
Melee: Hand axe          |    44 |    55 |       ||    99
       Bite              |     1 |     4 |       ||     5
 Cast: Infusion          |     5 |       |       ||     5
       Spectral Weapon   |     4 |     6 |       ||    10
       Regeneration      |     1 |     4 |       ||     5
       Song of Slaying   |       |     5 |       ||     5
  Use: Scroll            |       |     5 |       ||     5
 Stab: Distracted        |       |     1 |       ||     1
Armor: Leather armour    |     5 |    13 |       ||    18
Dodge: Dodged            |    25 |    50 |       ||    75

Table legend:
 A = Turns spent in this place as a percentage of turns spent in the entire game.
 B = Non-inter-level travel turns spent in this place as a percentage of non-inter-level travel turns spent in the entire game.
 C = Inter-level travel turns spent in this place as a percentage of turns spent in this place.
 D = Turns resting spent in this place as a percentage of non-inter-level travel turns spent in this place.
 E = Turns spent auto-exploring this place as a percentage of non-inter-level travel turns spent in this place.
 F = Non-inter-level travel turns spent in this place divided by the number of levels of this place that you've seen.
                   A       B       C       D       E      F
               +-------+-------+-------+-------+-------+----------------------
         Total | 100.0 | 100.0 |   0.0 |   0.0 |   0.0 | 178.8
       Dungeon | 100.0 | 100.0 |   0.0 |   0.0 |   0.0 | 178.8
               +-------+-------+-------+-------+-------+----------------------

Table legend:
 A = Kills in this place as a percentage of kills in entire the game.
 B = Kills by you in this place as a percentage of kills by you in the entire game.
 C = Kills by friends in this place as a percentage of kills by friends in the entire game.
 D = Other kills in this place as a percentage of other kills in the entire game.
 E = Experience gained in this place as a percentage of experience gained in the entire game.
 F = Experience gained in this place divided by the number of levels of this place that you have seen.
                   A       B       C       D       E      F
               +-------+-------+-------+-------+-------+----------------------
         Total | 100.0 | 100.0 |   N/A |   N/A | 100.0 | 156.5
       Dungeon | 100.0 | 100.0 |   N/A |   N/A | 100.0 | 156.5
               +-------+-------+-------+-------+-------+----------------------

Vault maps used:
D:1:      mrwooster_arrival_statue_3
D:2:      nicolae_ashenzari_panopticon, first_ration
D:3:      lemuel_doored_altar, lemuel_crystal_altar, minmay_joined_circles
D:4:      serial_bayou_lagoon_b
